 Dungeon Crawl Stone Soup version 0.29.1-15-g9cfb28693d (webtiles) character file.

Game seed: 13655589807072361932

97221 promet the Cruncher (level 16, -7/86 (96) HPs)
             Began as a Gargoyle Fighter on Feb 25, 2023.
             Was the Champion of Ru.
             Mangled by a boulder beetle simulacrum (28 damage)
             ... on level 1 of the Spider Nest.
             The game lasted 05:45:33 (45838 turns).

promet the Cruncher (Gargoyle Fighter)             Turns: 45838, Time: 05:45:43

HP:   -7/86 (96)    AC: 33    Str: 32    XL:     16   Next: 19%
MP:   7/14          EV:  6    Int:  8    God:    Ru [******]
Gold: 1547          SH:  0    Dex:  8    Spells: 11/15 levels left

rFire   + . .      SeeInvis .   w - +3 battleaxe (freeze)
rCold   . . .      Faith    .   (shield currently unavailable)
rNeg    + . .      Spirit   .   c - +2 scale mail {Will+}
rPois   ∞          Reflect  .   (helmet restricted)
rElec   +          Harm     .   u - +2 cloak
rCorr   .          Rampage  .   M - +2 pair of gloves
Will    ++...      Clarity  +   T - +2 pair of boots {Stlth+}
Stlth   .......... Rnd*Tele +   s - amulet "Juanujyf" {Acrobat Regen+ Str+2 Stlth-}
HPRegen 1.04/turn               C - +4 ring of protection
MPRegen 0.14/turn               i - ring of protection from fire

@: exhausted, flying, heavily drained
A: sickness immunity, AC +12, big wings, low MP 1, negative energy resistance 1,
electricity resistance, torment resistance 1, petrification resistance, no
stealth, no hexes magic, no poison magic, no translocations magic, reduced AC 1,
reduced EV 1, unskilled 2, horns 1, iridescent scales 1, clarity, dopey 1,
strong 1, teleportitis 2
a: Renounce Religion, Draw Out Power, Power Leap, Apocalypse


You were on level 1 of the Spider Nest.
You worshipped Ru.
Ru was exalted by your worship.
You visited 5 branches of the dungeon, and saw 24 of its levels.

You collected 2972 gold pieces.
You spent 1425 gold pieces at shops.

Inventory:

Hand Weapons
 a - a +3 lajatang of speed
 b - a +0 arbalest
 g - the +3 whip of the Imperium {flame, Contam rElec rPois}
   (You found it on level 3 of the Dungeon)

   It burns those it strikes, dealing additional fire damage.
   rElec:     It insulates you from electricity.
   rPois:     It protects you from poison.
   Contam:    It causes magical contamination when unequipped.
 j - a +7 scimitar of flaming
 n - a +0 long sword of holy wrath
 p - a +2 spear of flaming
 w - a +3 battleaxe of freezing (weapon)
 y - a +0 vorpal flail
 A - a +3 antimagic short sword
 I - a +6 flail
 W - a +6 glaive
Missiles
 f - 103 stones
 t - 27 poisoned darts
 v - 5 atropa-tipped darts
 H - 8 throwing nets
 O - a curare-tipped dart (quivered)
Armour
 c - a +2 scale mail of willpower (worn)
 u - a +2 cloak (worn)
 M - a +2 pair of gloves (worn)
 T - a +2 pair of boots of stealth (worn)
Magical Staves
 l - a staff of conjuration
Jewellery
 i - a ring of protection from fire (right hand)
 o - a +6 ring of dexterity
 s - the amulet "Juanujyf" (around neck) {Acrobat Regen+ Str+2 Stlth-}
   (You bought it in a shop on level 15 of the Dungeon)

   [amulet of the acrobat]

   It increases your evasion while moving and waiting.
   Str:       It affects your strength (+2).
   Regen:     It increases your rate of health regeneration.
   Stlth:     It makes you less stealthy.
 C - a +4 ring of protection (left hand)
 D - a +6 ring of dexterity
 J - a ring of positive energy
 K - a ring of positive energy
 N - a ring of wizardry
 U - the ring "Nenosy Vuse" {Wiz Int+3 Dex+7 SInv}
   (You found it on level 12 of the Dungeon)

   [ring of wizardry]

   It improves your spell success rate.
   Int:       It affects your intelligence (+3).
   Dex:       It affects your dexterity (+7).
   SInv:      It lets you see invisible.
 X - a +6 ring of strength
Wands
 d - a wand of flame (21)
 e - a wand of roots (3)
 h - a wand of quicksilver (8)
 L - a wand of polymorph (7)
 Z - a wand of digging (9)
Scrolls
 x - 12 scrolls of identify
 E - a scroll of amnesia
 F - 4 scrolls of butterflies
 G - 6 scrolls of teleportation
 Q - 2 scrolls of fear
 R - a scroll of silence
 Y - a scroll of poison
Potions
 k - a potion of invisibility
 m - a potion of heal wounds
 q - a potion of brilliance
 z - a potion of ambrosia
 B - 7 potions of curing
 S - 2 potions of haste
 V - 2 potions of magic


   Skills:
 + Level 9.1 Fighting
 + Level 0.3(3.1) Short Blades
 + Level 5.0 Long Blades
 + Level 4.7(8.3) Axes
 + Level 6.8(9.7) Maces & Flails
 + Level 8.6(10.6) Polearms
 + Level 9.4(11.9) Staves
 + Level 6.6 Ranged Weapons
 + Level 8.8 Throwing
 + Level 8.7 Armour
 * Level 5.1 Dodging
 + Level 3.8 Shields
 + Level 0.1 Spellcasting
 + Level 0.4 Fire Magic
 + Level 2.9 Evocations


You had 11 spell levels left.
You knew the following spells:

 Your Spells              Type           Power      Damage    Failure   Level
a - Shock                 Conj/Air       0%         1d3       61%         1
b - Scorch                Fire           0%         2d5       69%         2
c - Magic Dart            Conj           0%         1d3       61%         1

Your spell library contained the following spells:

 Spells                   Type           Power      Damage    Failure   Level
 Call Imp                 Summ           0%         N/A       75%         2
 Frozen Ramparts          Ice            0%         1d1       93%         3
 Swiftness                Air            0%         N/A       93%         3
 Airstrike                Air            0%         2d(0-16)  100%        4
 Flame Wave               Conj/Fire      0%         2d4       100%        4
 Ice Form                 Ice/Tmut       0%         N/A       100%        4
 Summon Ice Beast         Ice/Summ       0%         N/A       100%        4
 Blade Hands              Tmut           0%         N/A       100%        5
 Summon Cactus Giant      Summ           0%         N/A       100%        6
 Summon Hydra             Summ           0%         N/A       100%        7
 Mephitic Cloud           Conj/Pois/Air  Unusable   N/A       N/A         3
 Portal Projectile        Hex/Tloc       Unusable   N/A       N/A         3
 Tukima's Dance           Hex            Unusable   N/A       N/A         3
 Summon Forest            Summ/Tloc      Unusable   N/A       N/A         5
 Eringya's Noxious Bog    Tmut/Pois      Unusable   N/A       N/A         6

Dungeon Overview and Level Annotations

Branches:
Dungeon (15/15)            Temple (0/1) D:4            Lair (5/5) D:8
 Shoals (1/4) Lair:2       Spider (1/4) Lair:3        Slime (0/5) Lair:5
    Orc (2/2) D:10            Elf (0/3) Orc:2        Vaults (0/5) D:14
 Depths (0/4) D:15

Altars:
Cheibriados
Dithmenos
Hepliaklqana
Ru
Trog
Vehumet
Xom
Jiyva

Shops:
D:6 =   D:7 [=   D:10 **?[(   D:15 *   Orc:2 =[[(

Portals:
Trove: D:14 (give +5 demon blade)

Annotations:
Lair:3 2 transporters, Ceyvaan's ghost, journeyman DEFE
Lair:5 1 runed translucent door


Innate Abilities, Weirdness & Mutations

You are immune to sickness and miasma.
Your stone body is resilient. (AC +12)
You are immune to poison.
Your large and strong wings let you fly.
Your magical capacity is low. (-10% MP)
You resist negative energy. (rN+)
You are resistant to electric shocks. (rElec)
You are resistant to unholy torment.
You are immune to petrification.
You cannot be stealthy.
You cannot study or cast Hexes magic.
You cannot study or cast Poison magic.
You cannot study or cast Translocations magic.
You take slightly more damage. (AC -5)
You have somewhat slow reflexes. (EV -5)
You are unskilled. (-2 Apt)
You have a pair of small horns on your head.
You are partially covered in iridescent scales. (AC +2)
You possess an exceptional clarity of mind.
You are dopey. (Int -2)
Your muscles are strong. (Str +4, Int/Dex -1)
You are often teleported next to monsters.


Message History

You closely miss the wolf spider. You headbutt the wolf spider.
The wolf spider is lightly wounded.
You slash the steelbarb worm simulacrum!
The wolf spider hits you but does no damage.
The wolf spider closely misses you.
You redirect the steelbarb worm simulacrum's attack!
The steelbarb worm simulacrum hits the wolf spider!
The steelbarb worm simulacrum freezes the wolf spider!
The wolf spider hits you!
The wolf spider bites you but does no damage.
Press: ? - help, v - describe, . - travel The floor.
As you read the scroll of fear, it crumbles to dust.
You assume a fearsome visage.
The boulder beetle simulacrum is unaffected.
The steelbarb worm simulacrum is unaffected.
The wolf spider looks frightened!
The walls and floor vibrate strangely for a moment.
A wolf spider simulacrum comes into view.
The steelbarb worm simulacrum hits you but does no damage.
The wolf spider simulacrum moves out of view.
You hit the steelbarb worm simulacrum but do no damage.
The steelbarb worm simulacrum is heavily damaged.
The steelbarb worm simulacrum hits you but does no damage. x2
You slice the steelbarb worm simulacrum!!
The steelbarb worm simulacrum vaporises!
The wolf spider simulacrum is stunned by your conviction and fails to attack.
You slash the boulder beetle simulacrum!
You headbutt the boulder beetle simulacrum, but do no damage.
The boulder beetle simulacrum is moderately damaged.
You slash the wolf spider simulacrum! The wolf spider simulacrum hits you.
The wolf spider simulacrum freezes you!
You focus your inner power and blind the wolf spider simulacrum in retribution!
The wolf spider simulacrum bites you but does no damage.
The boulder beetle simulacrum is stunned by your conviction and fails to attack.
The wolf spider simulacrum barely misses you. x2
The boulder beetle simulacrum bites you!
* * * LOW HITPOINT WARNING * * *
The boulder beetle simulacrum freezes you!!
You die...

. # .. # .. .#
.### ...# ####
..#
#@Z##..#.#.#
##Z......^..
#...($..#.....
##..##.## ###
....^ ###
...?## ####


You could see a boulder beetle simulacrum and a wolf spider simulacrum (blind).

Vanquished Creatures
  2 emperor scorpions (Spider:1)
  2 fire dragons (D:15)
  Harold (Orc:1)
  2 jorogumos
  7 hydras
  5 boulder beetles
  2 radroaches (Spider:1)
  3 merfolk avatars (Shoals:1)
  7 two-headed ogres
  An alligator snapping turtle (Shoals:1)
  A catoblepas (Lair:5)
  An anaconda (Shoals:1)
  5 centaur warriors
  Erica (D:8)
  An alligator (Shoals:1)
  A tengu warrior (D:12)
  4 orc high priests
  Urug (D:10)
  Lodul (D:11)
  3 pharaoh ants (Spider:1)
  4 sea snakes (Shoals:1)
  3 skeletal warriors (D:15)
  A sun moth (Spider:1)
  A steelbarb worm (Spider:1)
  An orb spider (Spider:1)
  2 deep elf pyromancers (D:14)
  2 lindwurms (Lair:5)
  2 orc sorcerers
  6 harpies (Shoals:1)
  2 oklob plants (Lair:5)
  4 fauns (Shoals:1)
  A manticore (Shoals:1)
  6 cyclopes
  6 wolf spiders
  An ugly thing (D:11)
  9 elephants
  3 merfolk sirens (Shoals:1)
  5 black mambas
  3 water nymphs (Shoals:1)
  6 torpor snails (Lair:5)
  2 gargoyles (D:12)
  8 cane toads
  A kobold demonologist (D:13)
  6 rime drakes
  2 unseen horrors
  A freezing wraith (D:15)
  A demonic crawler (Lair:3)
  3 komodo dragons
  A yaktaur (shapeshifter) (D:14)
  2 tengu conjurers
  3 tyrant leeches (Lair:5)
  10 hornets
  5 trolls
  10 polar bears (Lair:5)
  2 merfolk (Shoals:1)
  5 blink frogs (Lair:1)
  A wind drake (shapeshifter) (D:13)
  A wind drake (Shoals:1)
  2 tarantellas (Spider:1)
  14 slime creatures
  Prince Ribbit (D:7)
  A raiju (Lair:5)
  A jumping spider (Spider:1)
  4 culicivoras (Spider:1)
  A shadow (D:10)
  4 wyverns
  3 water elementals
  3 vampires
  A wraith (D:12)
  A human (shapeshifter) (D:15)
  20 yaks
  A steam dragon (D:10)
  2 basilisks
  6 redbacks
  Menkaure (D:6)
  6 vampire mosquitoes
  7 wargs
  10 water moccasins
  2 acid dragons
  14 hell hounds (Lair:5)
  20 orc warriors
  A sky beast (D:8)
  13 black bears
  An ice beast (D:8)
  19 wolves
  22 centaurs
  11 ogres
  A phantom (D:5)
  2 kobold brigands
  8 bullfrogs
  6 gnoll sergeants
  4 scorpions
  5 wights (D:9)
  3 killer bees (D:9)
  5 howler monkeys
  8 electric eels
  4 jellies
  9 hounds
  25 orc priests
  2 gnoll boudas
  2 iguanas (D:6)
  19 orc wizards
  34 gnolls
  10 adders
  2 shadow imps (D:7)
  A white imp (D:7)
  An ufetubus (D:7)
  A worm (D:3)
  3 dart slugs
  47 orcs
  7 ball pythons
  6 endoplasms
  A giant cockroach (D:3)
  3 goblins
  11 hobgoblins
  4 jackals
  10 kobolds
  3 quokkas
  2 bats
  2 frilled lizards
  4 rats
630 creatures vanquished.

Vanquished Creatures (collateral kills)
  An orc knight (Orc:1)
1 creature vanquished.

Vanquished Creatures (others)
  A hydra (Lair:2)
  An alligator (Shoals:1)
  An orc high priest (Orc:2)
  A necromancer (D:14)
  A harpy (Shoals:1)
  A merfolk siren (Shoals:1)
  A troll (D:14)
  3 centaurs
  27 fungi
  85 plants
122 creatures vanquished.

Grand Total: 753 creatures vanquished

Notes
Turn   | Place    | Note
-------+----------+-------------------------------------------
     0 | D:1      | promet the Gargoyle Fighter began the quest for the Orb.
     0 | D:1      | Reached XP level 1. HP: 14/14 MP: 1/1
   553 | D:1      | Reached XP level 2. HP: 18/19 MP: 2/2
   862 | D:2      | Reached XP level 3. HP: 21/23 MP: 3/3
  1590 | D:2      | Reached XP level 4. HP: 22/29 MP: 4/4
  2051 | D:3      | Identified the +3 whip of the Imperium {flame, Contam rElec
                  | rPois}
  2797 | D:4      | Found a staircase to the Ecumenical Temple.
  2945 | D:4      | Reached skill level 1 in Maces & Flails
  2945 | D:4      | Reached XP level 5. HP: 33/33 MP: 5/5
  3006 | D:4      | Found a sacrificial altar of Ru.
  3773 | D:4      | Became a worshipper of Ru the Awakened
  3836 | D:5      | Entered Level 5 of the Dungeon
  3900 | D:5      | Reached XP level 6. HP: 24/38 MP: 6/6
  4325 | D:5      | Reached XP level 7. HP: 38/43 MP: 7/7
  5861 | D:6      | Reached skill level 5 in Maces & Flails
  6056 | D:6      | Reached skill level 5 in Armour
  6194 | D:6      | Noticed Menkaure
  6216 | D:6      | Killed Menkaure
  6217 | D:6      | Reached XP level 8. HP: 38/48 MP: 8/8
  6382 | D:6      | Found Moekh's Jewellery Emporium.
  6411 | D:6      | Bought a ring of see invisible for 150 gold pieces
  6494 | D:6      | Gained mutation: Your magical capacity is low. (-10% MP)
                  | [Ru sacrifice]
  6978 | D:7      | Gained mutation: Your spells are a little easier to cast,
                  | but a little less powerful. [mutagenic glow]
  7072 | D:7      | Gained mutation: Your body sometimes deteriorates upon
                  | taking damage. [mutagenic glow]
  7215 | D:7      | Noticed Prince Ribbit
  7225 | D:7      | Killed Prince Ribbit
  7226 | D:7      | Reached skill level 1 in Ranged Weapons
  7387 | D:7      | Gained mutation: You are dopey. (Int -2) [mutagenic glow]
  7687 | D:7      | Found Wihulunk's Armour Boutique.
  7823 | D:7      | Noticed a hornet
  8138 | D:6      | Killed a hornet
  8139 | D:6      | Reached skill level 5 in Fighting
  8139 | D:6      | Reached skill level 1 in Polearms
  8139 | D:6      | Reached XP level 9. HP: 36/54 MP: 8/8
  8742 | D:7      | Reached skill level 1 in Throwing
  8986 | D:7      | Found a snail-covered altar of Cheibriados.
  9269 | D:7      | Found a shimmering altar of Xom.
  9848 | D:7      | Gained mutation: You have hidden genetic defects.
                  | [mutagenic glow]
 10185 | D:7      | Found Vohojyt's Jewellery Emporium.
 10876 | D:8      | Noticed Erica
 10900 | D:8      | Killed Erica
 10901 | D:8      | Reached skill level 1 in Dodging
 10903 | D:8      | Lost mutation: You have hidden genetic defects. [mutagenic
                  | glow]
 11072 | D:8      | Reached skill level 5 in Polearms
 11072 | D:8      | Reached XP level 10. HP: 36/60 MP: 9/9
 11581 | D:8      | Gained mutation: Your spells are easier to cast, but less
                  | powerful. [mutagenic glow]
 11638 | D:8      | Noticed a two-headed ogre
 11777 | D:8      | Found a faded altar of an unknown god.
 11777 | D:8      | Found a faded altar of an unknown god.
 11779 | D:8      | Found a hazy altar of Hepliaklqana.
 11839 | D:8      | Gained mutation: You are occasionally teleported next to
                  | monsters. [mutagenic glow]
 11849 | D:8      | Killed a two-headed ogre
 12085 | D:8      | Gained mutation: Armour fits poorly on your strangely
                  | shaped body. [mutagenic glow]
 12171 | D:8      | Gained mutation: You are somewhat unskilled. (-1 Apt) [Ru
                  | sacrifice]
 12171 | D:8      | Reached * piety under Ru
 12171 | D:8      | Reached ** piety under Ru
 12455 | D:8      | Found a staircase to the Lair.
 13198 | D:8      | Lost mutation: Your spells are easier to cast, but less
                  | powerful. [potion of mutation]
 13198 | D:8      | Lost mutation: Armour fits poorly on your strangely shaped
                  | body. [potion of mutation]
 13198 | D:8      | Gained mutation: You are strong-willed. (Will+) [potion of
                  | mutation]
 13198 | D:8      | Gained mutation: You are robust. (+10% HP) [potion of
                  | mutation]
 13199 | D:8      | Lost mutation: Your body sometimes deteriorates upon taking
                  | damage. [potion of mutation]
 13199 | D:8      | Lost mutation: You are dopey. (Int -2) [potion of mutation]
 13199 | D:8      | Gained mutation: You possess an exceptional clarity of
                  | mind. [potion of mutation]
 13199 | D:8      | Gained mutation: Your large and strong wings let you fly.
                  | [potion of mutation]
 13252 | D:9      | Noticed a two-headed ogre
 13267 | D:9      | Killed a two-headed ogre
 13268 | D:9      | Reached skill level 1 in Axes
 13596 | D:9      | Reached XP level 11. HP: 66/72 MP: 9/9
 13618 | D:9      | Found a radiant altar of Vehumet.
 13805 | D:10     | Entered Level 10 of the Dungeon
 13891 | D:10     | Found Luupoapp's Antique Weapon Emporium.
 13928 | D:10     | Found a shadowy altar of Dithmenos.
 13938 | D:10     | Found Judghewa's Antique Armour Emporium.
 13942 | D:10     | Found a viscous altar of Jiyva.
 14021 | D:10     | Noticed Urug
 14023 | D:10     | Found Vumuhor's Assorted Antiques.
 14041 | D:10     | Killed Urug
 14445 | D:10     | Found a staircase to the Orcish Mines.
 14821 | D:10     | Bought a scroll labelled RYIH QATIA for 22 gold pieces
 14821 | D:10     | Bought a scroll labelled RYIH QATIA for 22 gold pieces
 14918 | D:10     | Noticed a two-headed ogre
 14972 | D:10     | Killed a two-headed ogre
 15198 | D:10     | Found Saaxaot's Magic Scroll Shoppe.
 15206 | D:10     | Bought a scroll of silence for 142 gold pieces
 15206 | D:10     | Bought a scroll of teleportation for 45 gold pieces
 15206 | D:10     | Bought a scroll of enchant armour for 112 gold pieces
 15367 | D:10     | Bought a pair of glowing boots for 187 gold pieces
 15602 | D:10     | Reached skill level 1 in Stealth
 15758 | D:10     | Found Hirygel's General Store.
 15770 | D:10     | Bought a scroll of teleportation for 33 gold pieces
 15834 | Lair:1   | Entered Level 1 of the Lair of Beasts
 15980 | Lair:1   | Gained mutation: You cannot study or cast Poison magic. [Ru
                  | sacrifice]
 15980 | Lair:1   | Gained mutation: You cannot study or cast Hexes magic. [Ru
                  | sacrifice]
 15980 | Lair:1   | Gained mutation: You cannot study or cast Translocations
                  | magic. [Ru sacrifice]
 15980 | Lair:1   | Reached *** piety under Ru
 16463 | Lair:1   | Noticed a seven-headed hydra
 16473 | Lair:1   | Killed a two-headed hydra
 17139 | Lair:1   | You are sucked into a shaft and drop 1 floor!
 17206 | Lair:2   | Noticed an eight-headed hydra
 17224 | Lair:2   | Killed a seven-headed hydra
 17225 | Lair:2   | Reached XP level 12. HP: 69/79 MP: 10/10
 17402 | Lair:2   | Found a staircase to the Shoals.
 18165 | Lair:3   | Found a hole to the Spider Nest.
 18550 | Lair:3   | Found a transporter.
 18556 | Lair:3   | Found a transporter.
 18563 | Lair:3   | Noticed Ceyvaan's ghost (journeyman DEFE)
 18564 | Lair:3   | Found a bloodstained altar of Trog.
 18582 | Lair:3   | Noticed an eight-headed hydra
 18595 | Lair:3   | Killed a one-headed hydra
 19014 | Lair:3   | Gained mutation: You are unskilled. (-2 Apt) [Ru sacrifice]
 19014 | Lair:3   | Reduced skill Stealth to level 1
 19014 | Lair:3   | Reached **** piety under Ru
 19040 | Lair:3   | Learned a level 1 spell: Shock
 19537 | Lair:4   | Learned a level 2 spell: Scorch
 19612 | Lair:4   | Reached skill level 1 in Staves
 19773 | Lair:4   | Noticed a boulder beetle
 19791 | Lair:4   | Killed a boulder beetle
 21127 | Lair:5   | Entered Level 5 of the Lair of Beasts
 21129 | Lair:5   | Noticed a catoblepas
 21149 | Lair:5   | Killed a catoblepas
 21290 | Lair:5   | Found a viscous altar of Jiyva.
 21346 | Lair:5   | Reached XP level 13. HP: 68/83 MP: 11/11
 21872 | Lair:5   | Lost mutation: You are robust. (+10% HP) [potion of
                  | mutation]
 21872 | Lair:5   | Lost mutation: Your large and strong wings let you fly.
                  | [potion of mutation]
 21872 | Lair:5   | Lost mutation: Your spells are a little easier to cast, but
                  | a little less powerful. [potion of mutation]
 21872 | Lair:5   | Gained mutation: You are partially covered in iridescent
                  | scales. (AC +2) [potion of mutation]
 21891 | Lair:5   | Reached skill level 5 in Staves
 21989 | Lair:5   | Gained mutation: You have somewhat slow reflexes. (EV -5)
                  | [Ru sacrifice]
 21989 | Lair:5   | Reached ***** piety under Ru
 22162 | Lair:5   | Reached skill level 1 in Evocations
 22287 | Lair:5   | Found a runed translucent door.
 22288 | Lair:5   | Noticed a fire dragon
 22959 | Lair:5   | Reached skill level 5 in Ranged Weapons
 26089 | Lair:5   | Gained mutation: Armour fits poorly on your strangely
                  | shaped body. [mutagenic glow]
 26792 | Lair:5   | Gained mutation: Your large and strong wings let you fly.
                  | [Gargoyle growth]
 26792 | Lair:5   | Reached XP level 14. HP: 56/78 MP: 12/12
 26890 | Lair:5   | Found a staircase to the Slime Pits.
 27541 | Orc:1    | Entered Level 1 of the Orcish Mines
 27662 | Orc:1    | Gained mutation: You are frail. (-10% HP) [a neqoxec]
 28023 | Orc:1    | Noticed Harold
 28036 | Orc:1    | Killed Harold
 28661 | Orc:1    | Gained mutation: You cannot be stealthy. [Ru sacrifice]
 29199 | Orc:2    | Entered Level 2 of the Orcish Mines
 29497 | Orc:2    | Found Wigej's Armour Shop.
 29497 | Orc:2    | Found Puun's Weapon Boutique.
 29497 | Orc:2    | Found Kiageece's Jewellery Shop.
 29497 | Orc:2    | Found Myckiol's Armour Boutique.
 29900 | Orc:2    | Gained mutation: You occasionally lose the ability to drink
                  | potions when taking damage. [a neqoxec]
 30936 | Orc:2    | Found a staircase to the Elven Halls.
 31896 | D:10     | Bought a pair of runed gloves for 187 gold pieces
 34655 | D:12     | Reached skill level 5 in Throwing
 34678 | D:12     | Gained mutation: You take slightly more damage. (AC -5) [Ru
                  | sacrifice]
 34678 | D:12     | Reached ****** piety under Ru
 34708 | D:12     | Noticed Lodul
 35000 | D:11     | Killed Lodul
 35770 | D:12     | Identified the ring "Nenosy Vuse" {Wiz Int+3 Dex+7 SInv}
 38357 | D:10     | Bought a potion of mutation for 88 gold pieces
 38357 | D:10     | Lost mutation: Armour fits poorly on your strangely shaped
                  | body. [potion of mutation]
 38357 | D:10     | Lost mutation: You are strong-willed. (Will+) [potion of
                  | mutation]
 38357 | D:10     | Lost mutation: You are frail. (-10% HP) [potion of
                  | mutation]
 38357 | D:10     | Gained mutation: You are dopey. (Int -2) [potion of
                  | mutation]
 38357 | D:10     | Gained mutation: You are mostly covered in iridescent
                  | scales. (AC +4) [potion of mutation]
 38357 | D:10     | Gained mutation: You have a pair of small horns on your
                  | head. [potion of mutation]
 38572 | Lair:5   | Lost mutation: You occasionally lose the ability to drink
                  | potions when taking damage. [potion of mutation]
 38572 | Lair:5   | Lost mutation: You are mostly covered in iridescent scales.
                  | (AC +4) [potion of mutation]
 38572 | Lair:5   | Gained mutation: Your muscles are strong. (Str +4, Int/Dex
                  | -1) [potion of mutation]
 39029 | D:14     | Found a portal to a secret trove of treasure.
 39030 | D:14     | Identified the +0 scale mail "Goqudext" {Contam rF+++ rN++
                  | Slay-4}
 39084 | D:13     | Reached XP level 15. HP: 48/88 MP: 13/13
 39480 | D:14     | Gained mutation: You are often teleported next to monsters.
                  | [mutagenic glow]
 39644 | D:14     | Learned a level 1 spell: Magic Dart
 39782 | D:14     | Found a gate to the Vaults.
 41021 | D:15     | Entered Level 15 of the Dungeon
 41485 | D:15     | Found Pacseru's Neck Hole.
 41496 | D:15     | Bought the amulet "Juanujyf" {Acrobat Regen+ Str+2 Stlth-}
                  | for 437 gold pieces
 41883 | D:15     | Reached skill level 5 in Long Blades
 42997 | D:15     | Found a staircase to the Depths.
 43278 | Shoals:1 | Entered Level 1 of the Shoals
 45000 | Spider:1 | Entered Level 1 of the Spider Nest
 45539 | Spider:1 | Noticed an emperor scorpion
 45540 | Spider:1 | Noticed an emperor scorpion
 45553 | Spider:1 | Reached XP level 16. HP: 64/84 MP: 5/14
 45795 | Spider:1 | Reached skill level 5 in Dodging
 45838 | Spider:1 | Mangled by a boulder beetle simulacrum

Illustrated notes

Levels and vault maps discovered:
D:1:      dpeg_arrival_more_subterranean_lakeside_camping, layout_rooms
D:2:      layout_basic
D:3:      layout_basic
D:4:      layout_basic, nicolae_ru_sacrificial_ziggurat, temple_pool_b,
          portal_sewer_entry_d, minivault_1
D:5:      layout_basic
D:6:      layout_loops_ring, serial_shops, shop, serial_bayou_lagoon_b,
          uniq_menkaure
D:7:      cheibrodos_iron_armory, layout_cave_pools, kennysheep_slug_shrine,
          amcnicky_altar_gilded, serial_gnoll_camp, gnoll_camp_medium_02,
          gnoll_camp_huts_basic, gnoll_camp_mini_shop, gnoll_camp_mini_shop,
          hangedman_abyss_or_decor_lesser_grid, minmay_misc_feat_roman,
          minmay_holes, serial_park_tiny_pond, uniq_prince_ribbit1
D:8:      layout_basic, nicolae_hepliaklqana_ecumenical_no_more,
          lair_entry_dummy, uniq_erica
D:9:      layout_roguey, nicolae_vehumet_radiance, small_statue_intersection
D:10:     layout_loops_ring, mainiacjoe_overflow_surrounded_room, david_orc_2,
          serial_shops, shop, nicolae_lakefront_shop, shop_fountains,
          nicolae_shop_trees, shop, chequers_serial_rivers_micro_d,
          st_stairs_14, jiyva_altar_1, uniq_urug
D:11:     layout_roguey, nicolae_wwwww
D:12:     layout_layer_cave, uniq_lodul
D:13:     layout_loops_corners, kennysheep_doodads
D:14:     layout_basic, david_vaults_1, nicolae_trove_entry_crossroad
D:15:     grunt_enter_depths_hoard, layout_long_grid,
          nicolae_shop_sticking_my_neck_out
Lair:1:   layout_cave_pods, st_stairs_6
Lair:2:   hellmonk_destroyed_diamonds, layout_hall_layers,
          minmay_shoals_entry_centaurs
Lair:3:   layout_cave_shapes, spider_nest_entry_webs,
          gammafunk_ghost_wrathful_warriors
Lair:4:   layout_regular_city
Lair:5:   hangedman_lair_caniforms_friends, layout_regular_city, wormcave,
          minmay_slime_entry_oklob_enclosed, nicolae_quartered_pool_medium,
          infiniplex_staircase_pool_2
Shoals:1: layout_shoals, nicolae_shoals_siren_and_animal_friends
Spider:1: nicolae_spider_hall_of_the_moth_king,
          portal_ice_cave_entry_pillars_four, drop_trap,
          nicolae_spider_webbed_stairs
Orc:1:    layout_diamond_mine, uniq_harold
Orc:2:    st_orc_mages, layout_diamond_mine, basic_altar

Skill      XL: |  1  2  3  4  5  6  7  8  9 10 11 12 13 14 15 16 |
---------------+-------------------------------------------------+-----
Long Blades    | 2 3 4 5 |  5.0
Shields        | 4 3 |  3.8
Armour         | 4 5 6 8 8 7 8 |  8.7
Maces & Flails | 1 2 4 6 7 7 6 |  6.8
Fighting       | 4 5 6 7 8 9 |  9.1
Ranged Weapons | 1 2 3 4 5 6 |  6.6
Polearms       | 1 5 8 8 |  8.6
Throwing       | 1 2 7 8 |  8.8
Dodging        | 1 2 3 4 5 |  5.1
Axes           | 2 3 4 |  4.7
Stealth        | 1 2 3 0 |  0.0
Staves         | 4 7 9 |  9.4
Evocations     | 2 |  2.9
Short Blades   | |  0.3
Spellcasting   | |  0.1
Fire Magic     | |  0.4

Action                   |  1- 3 |  4- 6 |  7- 9 | 10-12 | 13-15 | 16-18 || total
-------------------------+-------+-------+-------+-------+-------+-------++-------
Melee: Long sword        |   110 |    19 |       |       |    34 |       ||   163
       Whip              |       |   118 |   298 |    94 |    34 |       ||   544
       Halberd           |       |       |   130 |     3 |       |       ||   133
       Punch             |       |       |     1 |     5 |     1 |       ||     7
       Scimitar          |       |       |       |    71 |    26 |       ||    97
       Battleaxe         |       |       |       |    54 |    64 |    12 ||   130
       Glaive            |       |       |       |   297 |       |       ||   297
       Lajatang          |       |       |       |    78 |  1178 |    52 ||  1308
       Short sword       |       |       |       |       |    55 |       ||    55
       Headbutt          |       |       |       |       |   117 |    17 ||   134
 Fire: Sling             |       |       |    21 |    10 |       |       ||    31
       Shortbow          |       |       |       |    93 |       |       ||    93
       Arbalest          |       |       |       |       |   289 |     7 ||   296
Throw: Stone             |    14 |     1 |    17 |     7 |     9 |       ||    48
       Dart              |       |       |     3 |    16 |    11 |     1 ||    31
       Throwing net      |       |       |     1 |     1 |     1 |       ||     3
       Boomerang         |       |       |       |    19 |   196 |       ||   215
       Javelin           |       |       |       |     7 |    13 |       ||    20
 Cast: Shock             |       |       |       |     2 |       |       ||     2
       Scorch            |       |       |       |       |     1 |       ||     1
Invok: Sacrifice Essence |       |       |     1 |       |       |       ||     1
       Sacrifice Skill   |       |       |       |     2 |       |       ||     2
       Sacrifice Arcana  |       |       |       |     1 |       |       ||     1
       Apocalypse        |       |       |       |       |     3 |     1 ||     4
       Draw Out Power    |       |       |       |       |     6 |     1 ||     7
       Sacrifice Health  |       |       |       |       |     2 |       ||     2
       Power Leap        |       |       |       |       |     8 |       ||     8
       Sacrifice Stealth |       |       |       |       |     1 |       ||     1
Evoke: Wand              |       |       |     2 |    10 |     4 |     2 ||    18
  Use: Scroll            |     3 |     4 |     6 |    18 |    18 |     3 ||    52
       Potion            |     1 |     8 |     5 |     8 |    10 |     2 ||    34
 Stab: Held in net/web   |       |       |       |     1 |       |       ||     1
       Petrified         |       |       |       |     3 |       |       ||     3
       Invisible         |       |       |       |     1 |    11 |       ||    12
       Distracted        |       |       |       |       |     5 |     1 ||     6
       Sleeping          |       |       |       |       |     2 |       ||     2
       Paralysed         |       |       |       |       |    14 |     2 ||    16
Armor: Scale mail        |    10 |       |       |       |   674 |    61 ||   745
       Chain mail        |    39 |       |       |       |       |       ||    39
       Plate armour      |     5 |    78 |   309 |   200 |       |       ||   592
       Skin              |       |       |    17 |       |       |       ||    17
       Acid dragon scale |       |       |       |   322 |   313 |       ||   635
Dodge: Dodged            |    60 |    21 |   146 |   340 |   398 |    24 ||   989
Block: Buckler           |    28 |    27 |    18 |       |       |       ||    73
